 Dungeon Crawl Stone Soup version 0.29.1-2-gbd0b4ee654 (webtiles) character file.

Game seed: 9255201093034363026

3200 KittyFluff the Twirler (level 9, -2/102 HPs)
             Began as a Demonspawn Berserker on Nov 29, 2022.
             Was an Elder of Trog.
             Slain by a hornet (8 damage)
             ... on level 7 of the Dungeon.
             The game lasted 00:31:03 (5942 turns).

KittyFluff the Twirler (Demonspawn Berserker)       Turns: 5942, Time: 00:31:04

Health: -2/102     AC:  9    Str: 23    XL:     9   Next: 64%
Magic:  9/9        EV: 17    Int:  8    God:    Trog [****..]
Gold:   397        SH:  0    Dex: 12    Spells: 8/8 levels left

rFire   . . .      SeeInvis +   y - +3 quarterstaff (chaos)
rCold   . . .      Faith    .   (shield currently unavailable)
rNeg    . . .      Spirit   .   l - +0 leather armour
rPois   .          Reflect  .   (no helmet)
rElec   +          Harm     .   p - +0 cloak
rCorr   .          Rampage  .   (no gloves)
Will    .....                   (no boots)
Stlth   ..........              (no amulet)
HPRegen 0.27/turn               i - +4 ring of evasion
MPRegen 0.11/turn               o - ring of see invisible

@: berserking, lethally poisoned (-2 -> -17), slowed
A: hooves 2, thin metallic scales 3, powered by death 1
a: Renounce Religion, Berserk, Trog's Hand, Brothers in Arms


You were on level 7 of the Dungeon.
You worshipped Trog.
Trog was greatly pleased with you.
You visited 1 branch of the dungeon, and saw 7 of its levels.

You collected 397 gold pieces.

Inventory:

Hand Weapons
 e - a +2 vampiric whip
 f - a +0 sling
 n - a +1 war axe of flaming
 q - a +1 mace of protection
 y - a +3 quarterstaff of chaos (weapon)
Missiles
 j - 14 poisoned darts
 u - 5 boomerangs
 v - 56 stones (quivered)
 F - 2 curare-tipped darts
Armour
 l - a +0 leather armour (worn)
 p - a +0 cloak (worn)
Jewellery
 i - a +4 ring of evasion (left hand)
 o - a ring of see invisible (right hand)
 z - a ring of protection from fire
 E - a ring of positive energy
Scrolls
 g - 2 scrolls of immolation {unknown}
 k - a scroll of magic mapping {unknown}
 r - 2 scrolls of noise {unknown}
 s - a scroll of fog {unknown}
 t - a scroll of poison {unknown}
 w - 2 scrolls of enchant weapon {unknown}
 B - a scroll of torment {unknown}
 C - a scroll of teleportation {unknown}
 D - a scroll of enchant armour {unknown}
Potions
 a - a potion of attraction
 b - 4 potions of heal wounds
 c - a potion of cancellation
 d - a potion of flight
 h - 4 potions of curing
 m - 2 potions of mutation
 x - a potion of brilliance {unknown}
 A - a potion of invisibility
 G - a potion of might {unknown}


   Skills:
 + Level 5.5 Fighting
 + Level 5.5(6.7) Maces & Flails
 + Level 6.0(7.0) Staves
 * Level 4.3 Throwing
 * Level 5.5 Armour
 + Level 4.6 Dodging
 + Level 2.7 Stealth


You had 8 spell levels left.
You didn't know any spells.
Your spell library was empty.

Dungeon Overview and Level Annotations

Branches:
Dungeon (7/15)
 Temple: D:4-7

Altars:

Shops:
D:1 =   D:4 !

Annotations:
D:3 1 runed translucent door


Innate Abilities, Weirdness & Mutations

You have hoof-like feet.
You are completely covered in thin metallic scales. (AC +4, rElec)
You regenerate a little health from kills.


Message History

You hit the hornet. You burn the hornet. You kick the hornet, but do no damage.
The hornet is moderately wounded.
The hornet stings you!
You are poisoned.
You suddenly lose the ability to move!
You feel sick. The hornet stings you.
You feel yourself slow down.
The hornet stings you but does no damage.
You feel yourself speed up.
You feel sick. The hornet stings you.
You feel yourself slow down.
You feel sick. The hornet stings you!
You are more poisoned.
You feel as though you will be slow longer.
The hornet stings you.
You are more poisoned.
You feel as though you will be slow longer.
You can move again.
You barely miss the hornet.
The hornet is moderately wounded.
You feel extremely sick. The hornet closely misses you.
The hornet completely misses you.
You barely miss the hornet.
The hornet is moderately wounded.
You feel very sick. The hornet stings you!
* * * LOW HITPOINT WARNING * * *
You are more poisoned.
You feel as though you will be slow longer.
The hornet stings you but does no damage.
A red film seems to cover your vision as you go berserk!
You feel yourself moving faster!
You feel mighty!
* * * LOW HITPOINT WARNING * * *
You feel extremely sick. The hornet completely misses you.
The hornet stings you but does no damage.
You sock the hornet! You freeze the hornet!
The hornet is almost dead.
* * * LOW HITPOINT WARNING * * *
You feel very sick. The hornet stings you!
You die...

..
############..
##............
............#
#........?..#
#...........#
#......y....#
#......@....###
##.............
#..........##...
### #..........#
#.. ..#
#..........# #..
#.# #.##########
#..## #.#
#########.###
###..# #.#
#...........#
......####.#
#...........#
.####.......


You could see a hornet.

Vanquished Creatures
  Grinder (D:3)
  4 yaks (D:6)
  A water moccasin (D:6)
  An orc warrior (D:6)
  The ghost of THTSBRD the Fighter, an amateur GnWn of Vehumet (D:3)
  A black bear (D:5)
  A centaur (D:5)
  2 phantoms
  2 kobold brigands (D:7)
  2 bullfrogs (D:7)
  4 necrophages
  7 scorpions
  3 wights (D:6)
  A howler monkey (D:5)
  2 jellies
  2 orc priests
  Crazy Yiuf (D:3)
  3 hounds
  Jessica (D:3)
  3 iguanas (D:4)
  An orc wizard (D:5)
  4 gnolls (D:3)
  8 adders
  A river rat (D:3)
  A shadow imp (D:6)
  An ufetubus (D:5)
  2 worms
  3 dart slugs
  32 orcs
  7 endoplasms
  2 giant cockroaches
  11 goblins
  4 hobgoblins
  4 jackals (D:1)
  3 quokkas
  8 ball pythons
  3 bats
  3 frilled lizards
  11 kobolds
  6 rats
158 creatures vanquished.

Notes
Turn   | Place    | Note
-------+----------+-------------------------------------------
     0 | D:1      | KittyFluff the Demonspawn Berserker began the quest for the
                  | Orb.
     0 | D:1      | Reached XP level 1. HP: 18/18 MP: 1/1
   430 | D:1      | Gained mutation: You are partially covered in thin metallic
                  | scales. (AC +2) [demonic ancestry]
   430 | D:1      | Reached XP level 2. HP: 24/24 MP: 2/2
   530 | D:1      | Found Otics's Jewellery Shop.
  1104 | D:2      | Gained mutation: You have large cloven feet. [demonic
                  | ancestry]
  1104 | D:2      | Reached XP level 3. HP: 28/29 MP: 3/3
  1719 | D:2      | Reached ** piety under Trog
  2147 | D:3      | Noticed Grinder
  2175 | D:3      | Gained mutation: You regenerate a little health from kills.
                  | [demonic ancestry]
  2175 | D:3      | Reached XP level 4. HP: 31/35 MP: 4/4
  2199 | D:3      | Noticed a scorpion
  2204 | D:3      | Paralysed by Grinder for 2 turns
  2206 | D:3      | Killed a scorpion
  2207 | D:3      | Reached XP level 5. HP: 4/41 MP: 5/5
  2213 | D:3      | Killed Grinder
  2214 | D:3      | Reached skill level 1 in Stealth
  2214 | D:3      | Gained mutation: You are mostly covered in thin metallic
                  | scales. (AC +3) [demonic ancestry]
  2214 | D:3      | Reached XP level 6. HP: 8/48 MP: 6/6
  2807 | D:3      | Found a faded altar of an unknown god.
  2887 | D:3      | Noticed Jessica
  2891 | D:3      | Found a runed translucent door.
  2910 | D:3      | Killed Jessica
  2921 | D:3      | Noticed THTSBRD's ghost (amateur GnWn)
  2945 | D:3      | Found a runed translucent door.
  3188 | D:3      | Found a runed translucent door.
  3189 | D:3      | Noticed Crazy Yiuf
  3197 | D:3      | Killed Crazy Yiuf
  3321 | D:3      | Killed THTSBRD's ghost
  3322 | D:3      | Reached skill level 5 in Maces & Flails
  3322 | D:3      | Reached skill level 1 in Throwing
  3322 | D:3      | Gained mutation: You are completely covered in thin
                  | metallic scales. (AC +4, rElec) [demonic ancestry]
  3322 | D:3      | Reached XP level 7. HP: 54/54 MP: 7/7
  3510 | D:4      | Found Konweal's Distillery.
  3700 | D:4      | Reached *** piety under Trog
  3714 | D:4      | Reached skill level 1 in Staves
  3965 | D:5      | Entered Level 5 of the Dungeon
  3975 | D:5      | Reached XP level 8. HP: 61/61 MP: 8/8
  4026 | D:5      | Reached skill level 2 in Staves
  4216 | D:5      | Reached skill level 3 in Staves
  4689 | D:6      | Reached skill level 4 in Staves
  4861 | D:6      | Gained mutation: You have hoof-like feet. [demonic
                  | ancestry]
  4861 | D:6      | Reached XP level 9. HP: 62/66 MP: 9/9
  4975 | D:6      | Reached skill level 5 in Fighting
  5022 | D:6      | Reached **** piety under Trog
  5038 | D:6      | Reached skill level 5 in Armour
  5055 | D:6      | Reached skill level 5 in Staves
  5819 | D:7      | Reached skill level 6 in Staves
  5935 | D:7      | Paralysed by a hornet for 3 turns
  5942 | D:7      | Slain by a hornet

Illustrated notes

Levels and vault maps discovered:
D:1:      lemuel_arrival_tunnels, layout_basic, serial_shops, shop
D:2:      layout_basic
D:3:      layout_basic, hellmonk_ecumenical_altar_crossroads,
          ebering_ghost_sewer_f, uniq_jessica, uniq_crazy_yiuf_cottage,
          uniq_grinder
D:4:      layout_layer_cave, serial_shops, shop
D:5:      layout_rooms
D:6:      layout_basic
D:7:      layout_basic, minmay_temple_entry_nine_rooms, uniq_duvessa,
          uniq_joseph

Skill      XL: |  1  2  3  4  5  6  7  8  9 |
---------------+----------------------------+-----
Armour         | 2 3 4 5 |  5.5
Dodging        | 2 3 4 |  4.6
Maces & Flails | 3 4 5 |  5.5
Stealth        | 1 2 |  2.7
Fighting       | 4 5 |  5.5
Throwing       | 1 2 3 4 |  4.3
Staves         | 1 4 6 |  6.0

Action                   |  1- 3 |  4- 6 |  7- 9 || total
-------------------------+-------+-------+-------++-------
Melee: Mace              |    61 |    98 |     4 ||   163
       Whip              |    52 |       |       ||    52
       Kick              |     9 |    30 |    73 ||   112
       Quarterstaff      |       |       |   246 ||   246
       Punch             |       |       |     1 ||     1
Throw: Stone             |    12 |     6 |       ||    18
       Boomerang         |       |       |     1 ||     1
Invok: Berserk           |       |     3 |     2 ||     5
  Use: Potion            |       |     1 |       ||     1
       Scroll            |       |     2 |     7 ||     9
 Stab: Sleeping          |       |       |     2 ||     2
Armor: Animal skin       |    27 |    24 |       ||    51
       Leather armour    |       |     7 |    68 ||    75
Dodge: Dodged            |    83 |    70 |   201 ||   354
